 Dungeon Crawl Stone Soup version 0.30.1-11-g7821555f0a (webtiles) character file.

Game seed: 13173918814020831856

120 jagang the Trooper (level 5, -4/42 HPs)
             Began as a Human Monk on Jan 10, 2024.
             Killed from afar by an orc wizard (6 damage)
             ... with a magic dart
             ... on level 3 of the Dungeon.
             The game lasted 00:02:59 (1958 turns).

jagang the Trooper (Human Monk)                     Turns: 1958, Time: 00:03:00

Health: -4/42      AC:  4    Str: 11    XL:     5   Next: 25%
Magic:  5/5        EV: 13    Int: 11    God:
Gold:   185        SH:  0    Dex: 23    Spells: 4/4 levels left

rFire   . . .        a - +0 falchion
rCold   + . .        d - orb {light}
rNeg    . . .        r - +0 leather armour
rPois   .            (no helmet)
rElec   .            (no cloak)
rCorr   .            (no gloves)
SInv    .            s - +0 pair of boots
Will    .....        (no amulet)
Stlth   +            o - ring of protection from cold
HPRegen 0.27/turn    q - +6 ring of dexterity
MPRegen 0.09/turn

%: no passive effects
@: confused, ambrosia-drunk, glowing
A: no striking features
a: no special abilities


You were on level 3 of the Dungeon.
You visited 1 branch of the dungeon, and saw 3 of its levels.

You collected 185 gold pieces.

Inventory:

Hand Weapons
 a - a +0 falchion (weapon)
Missiles
 g - 3 poisoned darts (quivered)
 h - 6 curare-tipped darts
 l - a throwing net
Armour
 d - an orb of light (worn)
 r - a +0 leather armour (worn)
 s - a +0 pair of boots (worn)
Jewellery
 o - a ring of protection from cold (left hand)
 q - a +6 ring of dexterity (right hand)
Scrolls
 e - 2 scrolls of fog {unknown}
 f - a scroll of vulnerability {unknown}
 k - 2 scrolls of identify {unknown}
 n - 2 scrolls of enchant weapon {unknown}
 p - a scroll of silence {unknown}
Potions
 i - 3 potions of curing {unknown}
 j - a potion of attraction {unknown}
 m - a potion of flight {unknown}


   Skills:
 * Level 3.9 Fighting
 * Level 3.8 Long Blades
 + Level 1.4 Throwing
 * Level 2.1 Armour
 - Level 3.0 Dodging


You had 4 spell levels left.
You didn't know any spells.
Your spell library was empty.

Dungeon Overview and Level Annotations

Branches:
Dungeon (3/15)

Altars:
Sif Muna


Message History

You bump into the rock wall.
The orc hits you with a +0 mace.
You closely miss the orc. The orc hits you with a +0 mace.
You bump into the rock wall.
The orc hits you with a +0 mace. The orc wizard completely misses you.
You bump into the rock wall.
The orc misses you.
The orc wizard hits you but does no damage.
You miss the orc wizard.
You feel less confused. The orc hits you with a +0 mace.
The orc wizard hits you with a +0 dagger.
You hit the orc.
The orc is severely wounded.
The orc hits you with a +0 mace. The orc misses you.
The orc wizard points at you and mumbles some strange words.
The puff of flame hits you!
* * * LOW HITPOINT WARNING * * *
The orc closely misses you. The orc misses you.
The orc wizard closely misses you.
You hit the orc.
The orc is lightly wounded.
The orc barely misses you. The orc misses you.
The orc wizard points at you and mumbles some strange words.
The magic dart hits you!
* * * LOW HITPOINT WARNING * * *
Unknown command.
Okay, then.
You are confused.
You feel invigorated. The orc hits you with a +0 mace.
* * * LOW HITPOINT WARNING * * *
The orc barely misses you.
The orc wizard hits you but does no damage.
The orc misses you. The orc hits you with a +0 dagger.
* * * LOW HITPOINT WARNING * * *
The orc wizard barely misses you. The orc hits you with a +0 mace.
* * * LOW HITPOINT WARNING * * *
The orc hits you but does no damage.
The orc wizard gestures at you while chanting.
The magic dart hits you.
You die...

#### #... #... ##### #...
###...####...
#.......[....
##############.......##.#.
......)oo@................
..#..###oo..#........##.#.
... #....#..#...####.#. .
......##..#...## #.#.
.....#..#..##.... ..##
...#....#...##..######
...._..###..##..# .......
...##<.# .# #.).#. .##..#


You could see an orc wizard (invisible) and 3 orcs.

Vanquished Creatures
  6 adders
  2 worms (D:2)
  An orc (D:3)
  6 ball pythons
  6 bats
  2 endoplasms
  2 giant cockroaches (D:1)
  9 goblins
  4 hobgoblins
  3 jackals (D:1)
  4 quokkas
  4 frilled lizards
  3 kobolds
  6 rats
58 creatures vanquished.

Notes
Turn   | Place    | Note
-------+----------+-------------------------------------------
     0 | D:1      | jagang the Human Monk began the quest for the Orb.
     0 | D:1      | Reached XP level 1. HP: 18/18 MP: 1/1
     2 | D:1      | Noticed a human
     2 | D:1      | Noticed a vampire
     4 | D:1      | Noticed a ghoul
     4 | D:1      | Noticed a draconian
     6 | D:1      | Noticed an ogre
     6 | D:1      | Noticed a spriggan
     8 | D:1      | Noticed a formicid
    10 | D:1      | Noticed a felid
    10 | D:1      | Noticed a merfolk
    12 | D:1      | Noticed a meteoran
    12 | D:1      | Noticed a tengu
    14 | D:1      | Noticed an octopode
    14 | D:1      | Noticed a troll
    16 | D:1      | Noticed a gargoyle
    18 | D:1      | Noticed a naga
    18 | D:1      | Noticed a minotaur
    20 | D:1      | Noticed an armataur
    22 | D:1      | Noticed a vine stalker
    22 | D:1      | Noticed a demonspawn
    24 | D:1      | Noticed a demigod
    24 | D:1      | Noticed a human
    26 | D:1      | Noticed a felid
    26 | D:1      | Noticed a meteoran
    81 | D:1      | Reached XP level 2. HP: 24/24 MP: 2/2
   340 | D:1      | Reached skill level 1 in Armour
   347 | D:1      | Reached XP level 3. HP: 20/29 MP: 3/3
  1086 | D:2      | Reached skill level 1 in Throwing
  1086 | D:2      | Reached XP level 4. HP: 21/35 MP: 4/4
  1380 | D:2      | Reached XP level 5. HP: 33/42 MP: 5/5
  1797 | D:3      | Found a shimmering blue altar of Sif Muna.
  1939 | D:3      | Found a faded altar of an unknown god.
  1955 | D:3      | HP: 1/42 [orc wizard/magic dart (10)]
  1958 | D:3      | Killed from afar by an orc wizard

Illustrated notes

Levels and vault maps discovered:
D:1:      kb_arrival_jail, layout_basic, hangedman_abyss_or_decor_stabs
D:2:      layout_basic, minmay_bisected
D:3:      layout_loops_ring, nicolae_sif_muna_little_library,
          hellmonk_ecumenical_altar_blasted

Skill      XL: |  1  2  3  4  5 |
---------------+----------------+-----
Armour         | 1 2 |  2.1
Throwing       | 1 |  1.4
Fighting       | |  3.9
Long Blades    | |  3.8
Dodging        | |  3.0

Action                     |  1- 3 |  4- 6 || total
---------------------------+-------+-------++-------
  Melee: Falchion          |    86 |    67 ||   153
    Use: Potion            |       |     1 ||     1
 Armour: Robe              |    12 |    13 ||    25
         Leather armour    |       |     4 ||     4
  Dodge: Dodged            |    64 |    56 ||   120
